 Dungeon Crawl Stone Soup version 0.28.0-53-g5a82cb258f (webtiles) character file.

Game seed: 6675893549229289281

84821 rabbi the Bludgeoner (level 15, -3/155 HPs)
             Began as a Minotaur Fighter on June 26, 2022.
             Was the Champion of Dithmenos.
             Slain by a spriggan berserker
             ... wielding a +0 quarterstaff
              (40 damage)
             ... on level 1 of the Depths on June 28, 2022.
             The game lasted 03:42:44 (21600 turns).

rabbi the Bludgeoner (Minotaur Fighter)            Turns: 21600, Time: 03:42:49

Health: -3/155     AC: 25    Str: 35    XL:     15   Next: 36%
Magic:  18/18      EV: 20    Int:  1    God:    Dithmenos [******]
Gold:   1221       SH: 13    Dex: 12    Spells: 14/14 levels left

rFire   + . .      SeeInvis .   D - +5 mace (protect)
rCold   + + +      Faith    .   o - +0 kite shield "Yquax" {Harm +Inv rPois Will+}
rNeg    . . .      Spirit   .   l - +3 chain mail {rF+}
rPois   +          Reflect  .   (helmet restricted)
rElec   +          Harm     +   y - +0 cloak of the Ward {Rampage rElec Regen+}
rCorr   .          Rampage  +   K - +3 pair of gloves of the Forest {+Inv}
Will    ++...      Clarity  +   h - +1 pair of boots
Stlth   ..........              p - amulet of regeneration
HPRegen 1.95/turn               f - +4 ring of evasion
MPRegen 0.16/turn               O - ring of Vopaud {*Slow rC+++ EV+4 Str+9 Int-4}

@: wreathed by umbra
A: horns 2, retaliatory headbutt, talons 1, clarity, robust 1
a: Renounce Religion, Evoke Invisibility, Shadow Step, Shadow Form


You were on level 1 of the Depths.
You worshipped Dithmenos.
Dithmenos was exalted by your worship.
You visited 3 branches of the dungeon, and saw 18 of its levels.
You visited the Abyss 1 time.

You collected 2365 gold pieces.
You spent 1144 gold pieces at shops.

Inventory:

Hand Weapons
 D - a +5 mace of protection (weapon)
Missiles
 u - 7 poisoned darts
 v - 2 atropa-tipped darts (quivered)
 W - 4 datura-tipped darts
Armour
 h - a +1 pair of boots (worn)
 l - a +3 chain mail of fire resistance (worn)
 o - the +0 kite shield "Yquax" (worn) {Harm +Inv rPois Will+}
   (You acquired it on level 7 of the Dungeon)

   rPois:     It protects you from poison.
   +Inv:      It lets you turn invisible.
   Harm:      It increases damage dealt and taken.
   Will:      It increases your willpower.
 y - the +0 cloak of the Ward (worn) {Rampage rElec Regen+}
   (You found it on level 7 of the Dungeon)

   rElec:     It insulates you from electricity.
   Regen:     It increases your rate of health regeneration.
   Rampage:   It bestows one free step when moving towards enemies.
 C - the +1 plate armour of the Snake Pit {rCorr}
   (You found it on level 13 of the Dungeon)

   rCorr:     It protects you from acid and corrosion.
 J - a scarf of invisibility
 K - the +3 pair of gloves of the Forest (worn) {+Inv}
   (You found it on level 10 of the Dungeon)

   +Inv:      It lets you turn invisible.
 Y - the +1 chain mail of the Learner {-Tele Str+8 Slay+5}
   (You found it on level 15 of the Dungeon)

   Str:       It affects your strength (+8).
   Slay:      It affects your accuracy & damage with ranged weapons and melee
   (+5).
   -Tele:     It prevents most forms of teleportation.
Jewellery
 f - a +4 ring of evasion (left hand)
 n - the amulet "Fikekyh" {Spirit rC+}
   (You found it on level 1 of the Depths)

   [amulet of guardian spirit]

   It causes incoming damage to be divided between your reserves of health and
   magic.
   rC:        It protects you from cold.
 p - an amulet of regeneration (around neck)
 s - a ring of ice
 E - a ring of poison resistance
 G - a ring of resist corrosion
 N - a +6 ring of dexterity
 O - the ring of Vopaud (right hand) {*Slow rC+++ EV+4 Str+9 Int-4}
   (You found it on level 11 of the Dungeon)

   [ring of evasion]

   EV:        It affects your evasion (+4).
   Str:       It affects your strength (+9).
   Int:       It affects your intelligence (-4).
   rC:        It renders you almost immune to cold.
   *Slow:     It may slow you when you take damage.
 U - the ring of Banopo Exko {Will- Str+3 Dex+3 SInv}
   (You found it on level 14 of the Dungeon)

   [ring of see invisible]

   Str:       It affects your strength (+3).
   Dex:       It affects your dexterity (+3).
   SInv:      It lets you see invisible.
   Will:      It decreases your willpower.
Wands
 a - a wand of flame (15)
 i - a wand of iceblast (19)
 q - a wand of polymorph (2)
 T - a wand of charming (2)
Scrolls
 d - a scroll of holy word
 g - 3 scrolls of teleportation
 j - 2 scrolls of vulnerability
 r - 3 scrolls of amnesia
 H - 2 scrolls of fog
 I - 3 scrolls of magic mapping
 L - a scroll of summoning
 S - 2 scrolls of immolation
 V - 2 scrolls of fear
Potions
 b - 3 potions of mutation
 c - 3 potions of brilliance
 e - a potion of might
 k - 7 potions of curing
 m - a potion of resistance
 t - 2 potions of flight
 w - a potion of cancellation
 x - 4 potions of degeneration
 z - a potion of heal wounds
 A - 2 potions of magic
 B - a potion of lignification {unknown}
 M - a potion of ambrosia {unknown}
 X - 3 potions of attraction
Miscellaneous
 F - a tin of tremorstones (1/2)
 P - a piece from Xom's chessboard (15/15)
 Q - a box of beasts (inert)
 R - a box of beasts (inert)


   Skills:
 + Level 15.3 Fighting
 + Level 16.6 Maces & Flails
 + Level 2.7 Throwing
 + Level 14.6 Armour
 + Level 8.2 Dodging
 + Level 4.0 Stealth
 + Level 14.7 Shields
 * Level 6.2 Invocations
 + Level 4.2 Evocations


You had 14 spell levels left.
You didn't know any spells.
Your spell library contained the following spells:

 Spells                   Type           Power      Damage    Failure   Level
 Beastly Appendage        Tmut           0%         N/A       98%         1
 Summon Small Mammal      Summ           0%         N/A       98%         1
 Wereblood                Tmut           0%         N/A       99%         2
 Call Canine Familiar     Summ           0%         N/A       100%        3
 Ignite Poison            Fire/Tmut/Pois 0%         N/A       100%        3
 Mephitic Cloud           Conj/Pois/Air  0%         N/A       100%        3
 Spider Form              Tmut/Pois      0%         N/A       100%        3
 Summon Guardian Golem    Hex/Summ       0%         N/A       100%        3
 Tukima's Dance           Hex            0%         N/A       100%        3
 Fulminant Prism          Conj/Hex       0%         3d6       100%        4
 Iskenderun's Mystic Bla  Conj/Tloc      0%         2d3       100%        4
 Passage of Golubria      Tloc           0%         N/A       100%        4
 Alistair's Intoxication  Tmut/Pois      0%         N/A       100%        5
 Borgnjor's Vile Clutch   Necr/Erth      0%         N/A       100%        5
 Freezing Cloud           Conj/Ice/Air   0%         6-21      100%        5
 Lee's Rapid Deconstruct  Erth           0%         3d5*      100%        5
 Yara's Violent Unravell  Hex/Tmut       0%         3d3       100%        5
 Eringya's Noxious Bog    Tmut/Pois      0%         N/A       100%        6
 Simulacrum               Ice/Necr       0%         N/A       100%        6
 Polar Vortex             Ice            0%         N/A       100%        9


Dungeon Overview and Level Annotations

Branches:
Dungeon (15/15)            Temple (0/1) D:6            Lair (0/6) D:10
    Orc (2/2) D:11            Elf (0/3) Orc:2        Vaults (0/5) D:13
 Depths (1/4) D:15

Altars:
Dithmenos
Elyvilon
Kikubaaqudgha
Makhleb
Nemelex Xobeh
Okawaru
Ru
Uskayaw
Yredelemnul
Beogh

Shops:
D:6 (   Orc:2 ([*   Depths:1 **

Portals:
Abyss: D:3
Trove: D:11 (give +2 shadow dragon scales)

Annotations:
Abyss:1 Grum


Innate Abilities, Weirdness & Mutations

You have a pair of horns on your head.
You reflexively headbutt those who attack you in melee.
You have sharp toenails.
You possess an exceptional clarity of mind.
You are robust. (+10% HP)


Message History

The spriggan berserker hits you with a +0 quarterstaff.
You block the spriggan berserker's attack.
The polar bear rages.
You block the spriggan berserker's attack.
You block the polar bear's attack. The polar bear misses you.
The polar bear claws you but does no damage.
The spriggan berserker hits you with a +0 quarterstaff!
The spriggan berserker rages.
The spriggan berserker hits you with a +0 quarterstaff.
You block the polar bear's attack. The polar bear closely misses you.
The polar bear claws you but does no damage.
The polar bear rages.
The spriggan berserker completely misses you.
The polar bear completely misses you. x2; The polar bear barely misses you.
The spriggan berserker hits you with a +0 quarterstaff!!
You emit a cloud of dark smoke.
The polar bear rages.
The spriggan berserker hits you with a +0 quarterstaff!!
You can't see any enemies this would affect, really read the scroll of fear?
Okay, then.
Okay, then.
You open the lid... ...and a larval batox beast flies out!
The box is emptied!
You block the spriggan berserker's attack.
You block the polar bear's attack. The polar bear closely misses you.
The polar bear claws you.
You swap places.
The spriggan berserker hits your larval batox beast with a +0 quarterstaff!!
Your larval batox beast dies!
Your larval batox beast's corpse disappears in a puff of smoke!
You block the polar bear's attack. x3
The spriggan berserker hits you with a +0 quarterstaff!!
* * * LOW HITPOINT WARNING * * *
You feel much better. You block the polar bear's attack. x2
The polar bear barely misses you.
The spriggan berserker hits you with a +0 quarterstaff!
* * * LOW HITPOINT WARNING * * *
The polar bear bites you but does no damage.
The polar bear barely misses you. You block the polar bear's attack.
The spriggan berserker hits you with a +0 quarterstaff!!
You die...

#............................
#..............Q........#..8.
#............§.........#.....
##......####..§§§####........
##......#>.##§§§## #....###.
#.......#...#§§§# #....###.
###.....##..#.Q§#+ ##........
#....#.###.hi§§###......###
##..(......@............#
###........8...........#
#....................##
#...###)....###........#
#.....##..#...#..##........
#.....#...#...#...#........
.......#<[##...##..#........
.......####.....####........
..#.........................


You could see a tengu reaver, a spriggan berserker (berserk) and a polar bear
(summoned, berserk).

Vanquished Creatures
  2 frost giants
  2 orc warlords (Orc:1)
  The ghost of Hesyel the Minotaur Blade, a journeyman MiGl of Dithmenos (Orc:1)
  2 stone giants (Depths:1)
  An ironbound preserver (D:13)
  3 very ugly things (Depths:1)
  A vampire knight (Depths:1)
  2 ettins
  3 fire dragons
  Snorg (Orc:1)
  Josephine (D:13)
  4 hydras
  A rakshasa (D:13)
  2 ogre magi
  6 boulder beetles
  4 centaur warriors
  An ice dragon (D:15)
  Erolcha (D:13)
  A death knight (D:14)
  A fenstrider witch skeleton (Abyss:1)
  6 two-headed ogres
  A catoblepas (D:14)
  2 deep troll shamans (D:15)
  5 orc high priests
  A shock serpent (shapeshifter) (D:13)
  4 skeletal warriors
  3 deep trolls
  A deep elf archer (D:14)
  2 wizards
  Pikel (D:6)
  A harpy (D:9)
  2 phantasmal warriors (Depths:1)
  A harpy (shapeshifter) (D:14)
  6 orc knights
  A deep elf pyromancer (D:14)
  6 cyclopes
  4 manticores
  9 orc sorcerers
  A wolf spider (D:13)
  12 ugly things
  Maurice (Orc:2)
  A gargoyle (D:11)
  A freezing wraith (D:14)
  2 yaktaurs (D:15)
  An efreet (D:11)
  A yaktaur (shapeshifter) (D:11)
  5 trolls
  Grinder (D:6)
  25 slime creatures
  2 hornets
  A spriggan (shapeshifter) (D:15)
  2 centaur simulacra (D:15)
  2 shadows
  A wyvern (D:9)
  21 yaks
  8 wraiths
  2 steam dragons
  A basilisk (D:15)
  7 vampire mosquitoes
  4 wargs
  Edmund (D:5)
  A large abomination (Abyss:1)
  3 acid dragons
  A floating eye (Depths:1)
  41 orc warriors
  A sky beast (D:5)
  A black bear (D:10)
  The ghost of Soldner the Skirmisher, an amateur MiFi (D:3)
  A necrophage (D:5)
  6 ogres
  4 centaurs
  3 wolves (D:8)
  3 lemures (D:6)
  A phantom (D:5)
  4 kobold brigands
  3 bullfrogs
  A water moccasin zombie (D:5)
  A scorpion (D:5)
  A water moccasin skeleton (D:5)
  A wyvern skeleton (D:6)
  2 killer bees
  2 howler monkeys
  A crimson imp (D:3)
  An electric eel (D:12)
  2 centaur zombies
  A quasit (D:3)
  3 bullfrog skeletons
  A hound (D:5)
  2 jellies
  A centaur skeleton (D:6)
  2 gnoll shamans
  25 orc priests
  Crazy Yiuf (D:2)
  2 iguanas
  39 orc wizards
  A hound skeleton (D:5)
  3 adders
  5 gnolls
  A white imp (D:8)
  2 ufetubi
  2 adder skeletons
  2 worms (D:2)
  6 dart slugs
  121 orcs
  4 ball pythons
  5 endoplasms
  6 giant cockroaches
  7 goblins
  2 hobgoblins (D:1)
  4 jackals (D:4)
  2 quokkas
  7 bats
  A frilled lizard (D:2)
  19 kobolds
  4 rats
566 creatures vanquished.

Vanquished Creatures (collateral kills)
  An orc priest (Orc:1)
1 creature vanquished.

Vanquished Creatures (others)
  An orc knight (Orc:1)
  An orc priest (Orc:1)
  An orc wizard (Orc:2)
  A kobold (D:6)
  2 fungi (D:8)
  4 plants (D:1)
10 creatures vanquished.

Grand Total: 577 creatures vanquished

Notes
Turn   | Place    | Note
-------+----------+-------------------------------------------
     0 | D:1      | rabbi the Minotaur Fighter began the quest for the Orb.
     0 | D:1      | Reached XP level 1. HP: 19/19 MP: 0/0
   162 | D:1      | Reached XP level 2. HP: 20/27 MP: 1/1
   515 | D:1      | Found a faded altar of an unknown god.
   971 | D:2      | Reached XP level 3. HP: 30/33 MP: 2/2
   975 | D:2      | Reached skill level 3 in Maces & Flails
  1166 | D:2      | Found a runed translucent door.
  1167 | D:2      | Noticed Crazy Yiuf
  1174 | D:2      | Killed Crazy Yiuf
  1175 | D:2      | Reached XP level 4. HP: 29/40 MP: 3/3
  1614 | D:3      | Identified the +1 scale mail of Resonance {Rampage}
  1652 | D:3      | Found a transporter.
  1661 | D:3      | Found a one-way gate to the infinite horrors of the Abyss.
  1661 | D:3      | Noticed Soldner's ghost (amateur MiFi)
  1662 | D:3      | Found a transporter.
  1684 | D:3      | Noticed a kobold brigand
  1748 | D:3      | Found a shadowy altar of Dithmenos.
  1758 | D:3      | Became a worshipper of Dithmenos the Shadowed
  1920 | D:3      | Reached skill level 4 in Maces & Flails
  2115 | D:3      | Found a burning altar of Makhleb.
  2348 | D:3      | Reached XP level 5. HP: 47/47 MP: 4/4
  2372 | D:3      | Killed Soldner's ghost
  2373 | D:3      | Reached skill level 5 in Maces & Flails
  2373 | D:3      | Reached skill level 5 in Armour
  2373 | D:3      | Reached XP level 6. HP: 52/53 MP: 5/5
  2386 | D:3      | Reached skill level 1 in Dodging
  2652 | D:3      | Found a transporter.
  2783 | D:4      | Found an iron altar of Okawaru.
  2787 | D:4      | Found a white marble altar of Elyvilon.
  2864 | D:4      | Reached * piety under Dithmenos
  3289 | D:4      | Reached skill level 6 in Maces & Flails
  3289 | D:4      | Reached skill level 5 in Shields
  3485 | D:4      | Reached XP level 7. HP: 60/60 MP: 6/6
  3492 | D:4      | Reached skill level 5 in Fighting
  4082 | D:5      | Entered Level 5 of the Dungeon
  4126 | D:5      | Reached skill level 7 in Maces & Flails
  4310 | D:5      | Reached XP level 8. HP: 54/70 MP: 7/7
  4315 | D:5      | Reached skill level 8 in Maces & Flails
  4458 | D:5      | Reached ** piety under Dithmenos
  4472 | D:5      | Noticed Edmund
  4489 | D:5      | Cast into level 1 of the Abyss (Edmund)
  4639 | Abyss:1  | Noticed a rust devil
  4652 | D:5      | Escaped the Abyss
  4664 | D:5      | Killed Edmund
  5106 | D:6      | Noticed Pikel
  5106 | D:6      | Noticed Grinder
  5161 | D:6      | Found a staircase to the Ecumenical Temple.
  5203 | D:6      | Found Lavvaumm's Weapon Shop.
  5359 | D:6      | Killed Pikel
  5360 | D:6      | Reached skill level 9 in Maces & Flails
  5360 | D:6      | Reached XP level 9. HP: 79/79 MP: 8/8
  5372 | D:6      | Killed Grinder
  5812 | D:6      | Reached skill level 10 in Maces & Flails
  5840 | D:6      | Found a large runed translucent door.
  5842 | D:6      | Found a large runed translucent door.
  6105 | D:6      | Found a sparkling altar of Nemelex Xobeh.
  6123 | D:6      | Found a sacrificial altar of Ru.
  6192 | D:7      | Identified a scroll of acquirement
  6193 | D:7      | Acquired the +0 kite shield "Yquax" {Harm +Inv rPois Will+}
  6287 | D:7      | Reached skill level 1 in Stealth
  6738 | D:7      | Identified the +0 cloak of the Ward {Rampage rElec Regen+}
  6799 | D:7      | Reached skill level 11 in Maces & Flails
  7259 | D:8      | Reached XP level 10. HP: 88/88 MP: 9/9
  7440 | D:8      | Noticed a two-headed ogre
  7679 | D:8      | Reached *** piety under Dithmenos
  7711 | D:8      | Killed a two-headed ogre
  8168 | D:8      | Noticed Grum
  8183 | D:8      | Banished Grum
  8184 | D:8      | Reached skill level 12 in Maces & Flails
  8481 | D:9      | Noticed a two-headed ogre
  8488 | D:9      | Banished a two-headed ogre
  8508 | D:9      | Noticed a two-headed ogre
  8526 | D:9      | Killed a two-headed ogre
  8623 | D:9      | Noticed a two-headed ogre
  8629 | D:9      | Killed a two-headed ogre
  8651 | D:9      | Reached XP level 11. HP: 97/97 MP: 10/10
  8717 | D:9      | Reached skill level 1 in Throwing
  8745 | D:9      | Noticed a red ugly thing
  8746 | D:9      | Noticed a two-headed ogre
  8752 | D:9      | Reached skill level 10 in Armour
  8752 | D:9      | Banished a red ugly thing
  8756 | D:9      | Killed a two-headed ogre
  8757 | D:9      | Reached skill level 13 in Maces & Flails
  8763 | D:9      | Reached skill level 10 in Fighting
  8764 | D:9      | Noticed a harpy
  8764 | D:9      | an acid dragon changed into a harpy
  8770 | D:9      | Killed a harpy
  8826 | D:9      | Noticed an ogre mage
  8828 | D:9      | Noticed a centaur warrior
  8834 | D:9      | Killed an ogre mage
  8836 | D:9      | Killed a centaur warrior
  8837 | D:9      | Identified the +5 short sword "Ogre's Demise" {speed, rC+
                  | rCorr}
  8860 | D:9      | Noticed a two-headed ogre
  8864 | D:9      | Killed a two-headed ogre
  8865 | D:9      | Reached skill level 5 in Dodging
  8887 | D:9      | Reached skill level 1 in Evocations
  9362 | D:9      | Noticed a two-headed ogre
  9365 | D:9      | Killed a two-headed ogre
  9444 | D:10     | Entered Level 10 of the Dungeon
  9477 | D:10     | Found a staircase to the Lair.
  9495 | D:10     | Reached **** piety under Dithmenos
  9817 | D:9      | Identified the +9 trident of Kubbidat {holy, rElec rC++
                  | Will- Str+2}
 10215 | D:9      | Gained mutation: Your magical capacity is low. (-10% MP)
                  | [mutagenic glow]
 10222 | D:9      | Gained mutation: You are weak. (Str -2) [mutagenic glow]
 10330 | D:10     | Identified the +5 quarterstaff "Ceavimas" {vorpal, rN+
                  | Will+}
 10392 | D:10     | Found a basalt altar of Yredelemnul.
 10475 | D:10     | Identified the +3 pair of gloves of the Forest {+Inv}
 10568 | D:10     | Found an ancient bone altar of Kikubaaqudgha.
 10876 | D:11     | Noticed a six-headed hydra
 10877 | D:11     | Noticed an ogre mage
 10921 | D:11     | Killed an ogre mage
 10922 | D:11     | Reached XP level 12. HP: 103/108 MP: 9/9
 10932 | D:11     | Killed a six-headed hydra
 10933 | D:11     | Reached skill level 14 in Maces & Flails
 10976 | D:11     | Noticed a seven-headed hydra
 10988 | D:11     | Killed a seven-headed hydra
 11129 | D:11     | Noticed a boulder beetle
 11129 | D:11     | Noticed a fire dragon
 11174 | D:10     | Found a basalt altar of Yredelemnul.
 11307 | D:11     | Found a staircase to the Orcish Mines.
 11328 | Orc:1    | Entered Level 1 of the Orcish Mines
 11489 | Orc:1    | Paralysed by an orc sorcerer for 6 turns
 11536 | Orc:1    | Reached skill level 10 in Shields
 11671 | Orc:1    | Noticed Snorg
 11686 | Orc:1    | Killed Snorg
 11783 | Orc:1    | Noticed an orc warlord
 11823 | Orc:1    | Killed an orc warlord
 11905 | Orc:1    | Found a large runed translucent door.
 11933 | Orc:1    | Found a large runed translucent door.
 11937 | Orc:1    | Noticed Hesyel's ghost (journeyman MiGl)
 12319 | Orc:1    | Killed Hesyel's ghost
 12319 | Orc:1    | Reached ***** piety under Dithmenos
 12418 | Orc:2    | Entered Level 2 of the Orcish Mines
 12487 | Orc:2    | Noticed an orc high priest
 12572 | Orc:2    | Killed an orc high priest
 13058 | Orc:2    | Reached XP level 13. HP: 119/119 MP: 10/10
 13060 | Orc:2    | Noticed an orc warlord
 13225 | Orc:1    | Killed an orc warlord
 14259 | Orc:2    | Found a staircase to the Elven Halls.
 14643 | Orc:1    | Reached skill level 15 in Maces & Flails
 14668 | Orc:2    | Noticed Maurice
 14677 | Orc:2    | Killed Maurice
 14915 | Orc:2    | Found Ythreclei's Antique Armour Emporium.
 14916 | Orc:2    | Found Misabb's Antique Weapon Shoppe.
 14917 | Orc:2    | Found Fenubb's General Store.
 14917 | Orc:2    | Found Janozory's Book Emporium.
 15168 | Orc:2    | Bought a potion of curing for 48 gold pieces
 15168 | Orc:2    | Bought a scroll of identify for 32 gold pieces
 15229 | Orc:2    | Bought a pair of glowing boots for 232 gold pieces
 15229 | Orc:2    | Bought a glowing chain mail for 232 gold pieces
 15229 | Orc:2    | Bought a pair of glowing gloves for 232 gold pieces
 15506 | D:11     | Found a runed translucent door.
 15509 | D:11     | Noticed a frost giant
 15582 | D:11     | Found a portal to a secret trove of treasure.
 15582 | D:11     | You fall into a shaft and drop 2 floors!
 15616 | D:13     | Noticed Josephine
 15625 | D:13     | Killed Josephine
 15626 | D:13     | Reached ****** piety under Dithmenos
 15665 | D:13     | Identified the +1 leather armour "Rocacvo" {Harm rCorr}
 15818 | D:13     | Noticed an ironbound preserver
 15911 | D:13     | Identified the +1 plate armour of the Snake Pit {rCorr}
 16179 | D:11     | Lost mutation: You are weak. (Str -2) [potion of mutation]
 16179 | D:11     | Lost mutation: Your magical capacity is low. (-10% MP)
                  | [potion of mutation]
 16179 | D:11     | Gained mutation: You possess an exceptional clarity of
                  | mind. [potion of mutation]
 16179 | D:11     | Gained mutation: You have sharp toenails. [potion of
                  | mutation]
 16179 | D:11     | Gained mutation: You are robust. (+10% HP) [potion of
                  | mutation]
 16381 | D:11     | Killed a fire dragon
 16475 | D:11     | Killed a frost giant
 16517 | D:11     | Identified the ring of Vopaud {*Slow rC+++ EV+4 Str+9
                  | Int-4}
 16521 | D:11     | Identified the +2 leather armour of Dishonesty {Stlth+}
 16734 | D:12     | Reached XP level 14. HP: 140/143 MP: 13/13
 17452 | D:13     | Reached skill level 1 in Invocations
 17502 | D:13     | Killed an ironbound preserver
 17667 | D:13     | Noticed Erolcha
 17684 | D:13     | Found a gate to the Vaults.
 17700 | D:13     | Killed Erolcha
 18189 | D:13     | Found a gate to the Vaults.
 18739 | D:14     | Reached skill level 16 in Maces & Flails
 18805 | D:14     | Identified the ring of Banopo Exko {Will- Str+3 Dex+3 SInv}
 19523 | D:15     | Entered Level 15 of the Dungeon
 19642 | D:15     | Found a hide-covered altar of Uskayaw.
 19822 | D:15     | Reached skill level 5 in Invocations
 19854 | D:15     | Identified the +1 chain mail of the Learner {-Tele Str+8
                  | Slay+5}
 20165 | D:15     | Reached XP level 15. HP: 144/152 MP: 18/18
 20210 | D:15     | Found a staircase to the Depths.
 20683 | D:3      | Found a one-way gate to the infinite horrors of the Abyss.
 20980 | D:15     | Found a staircase to the Depths.
 20989 | Depths:1 | Entered Level 1 of the Depths
 21231 | Depths:1 | Reached skill level 15 in Fighting
 21437 | Depths:1 | Noticed a frost giant
 21450 | Depths:1 | Killed a frost giant
 21453 | Depths:1 | Identified the amulet "Fikekyh" {Spirit rC+}
 21556 | Depths:1 | Found Godaext's Specific Store.
 21559 | Depths:1 | Found Paesh's General Store.
 21568 | Depths:1 | Bought a scroll of identify for 32 gold pieces
 21568 | Depths:1 | Bought a scroll of enchant armour for 120 gold pieces
 21568 | Depths:1 | Bought a potion of flight for 48 gold pieces
 21568 | Depths:1 | Bought a potion of might for 64 gold pieces
 21568 | Depths:1 | Bought a wand of polymorph (1) for 48 gold pieces
 21568 | Depths:1 | Bought a scroll of fear for 56 gold pieces
 21578 | Depths:1 | Noticed a tengu reaver
 21600 | Depths:1 | Slain by a spriggan berserker

Illustrated notes

Levels and vault maps discovered:
D:1:      dpeg_arrival_simpleton_c, layout_loops_ring,
          hellmonk_ecumenical_altar_run_dry, serial_bayou_lagoon_a,
          serial_park_tiny_pond
D:2:      layout_rooms, uniq_crazy_yiuf_cottage
D:3:      layout_basic, mainiacjoe_overflow_catwalk, lightli_temple_of_fire,
          gammafunk_ghost_abyssal_escape, amcnicky_mini_corridor_feature
D:4:      layout_cave_pods, mainiacjoe_overflow_catwalk_spiral
D:5:      layout_gridville, uniq_edmund
D:6:      layout_cave_pods, jmf_multi_god_temple2,
          minmay_temple_entry_overgrown, serial_shops, kennysheep_little_box,
          uniq_pikel, uniq_grinder
D:7:      layout_gridville
D:8:      layout_layer_cave, fungi_pond_lemuel, uniq_grum
D:9:      minmay_the_grid_plus_closed [minmay_the_grid_tiny_cups,
          minmay_the_grid_outer_circle, minmay_the_grid_box_x,
          minmay_the_grid_fan, minmay_the_grid_prize_diamond_cup],
          layout_irregular_city
D:10:     layout_cave_pools, mainiacjoe_overflow_24_doors, lemuel_crystal_altar,
          david_lair_generic
D:11:     kennysheep_blocky_room, layout_long_grid,
          minmay_orc_entry_temple_small, nicolae_trove_entry_crossroad,
          minmay_st_funbox, minmay_radiant
D:12:     layout_basic
D:13:     layout_roguey [special_room_orc], skrybe_vaults_entry_preservation,
          uniq_josephine, uniq_erolcha
D:14:     minmay_outward_triangles, layout_grid_maze,
          chequers_serial_rivers_micro_d
D:15:     grunt_enter_depths_hoard, layout_rooms,
          hangedman_abyss_or_decor_passed, dancing_weapons_uskayaw
Orc:1:    layout_diamond_mine, ebering_ghost_disaster_area, lemuel_statue_altar,
          uniq_snorg
Orc:2:    st_orc_congregation, layout_diamond_mine, nicolae_orc_stony_grotto,
          uniq_maurice
Depths:1: layout_cave_shapes, enter_ziggurat_d, minmay_crystal_room,
          grunt_metal_band, drop_trap, st_stairs_14, nicolae_specific_store,
          grunt_ministairs_6, nicolae_danse_macabre, grunt_megastairs_5

Skill      XL: |  1  2  3  4  5  6  7  8  9 10 11 12 13 14 15 |
---------------+----------------------------------------------+-----
Fighting       | 4 5 7 8 9 10 12 13 14 15 | 15.3
Armour         | 4 5 6 7 9 11 12 13 14 | 14.6
Shields        | 4 5 6 8 9 11 12 14 | 14.7
Maces & Flails | 3 4 5 6 7 9 11 12 13 14 15 16 | 16.6
Dodging        | 1 3 4 5 6 7 8 |  8.2
Stealth        | 1 2 3 4 |  4.0
Throwing       | 2 |  2.7
Evocations     | 2 3 4 |  4.2
Invocations    | 5 6 |  6.2

Action                   |  1- 3 |  4- 6 |  7- 9 | 10-12 | 13-15 || total
-------------------------+-------+-------+-------+-------+-------++-------
Melee: Flail             |    61 |   136 |   240 |   171 |       ||   608
       Headbutt          |    13 |    16 |    44 |   123 |   350 ||   546
       Mace              |       |       |       |   365 |  1231 ||  1596
Throw: Throwing net      |       |       |       |     5 |       ||     5
       Dart              |       |       |       |     5 |     8 ||    13
Evoke: Wand              |       |       |     4 |    39 |     8 ||    51
       Tin of tremorston |       |       |       |       |     4 ||     4
       Box of beasts     |       |       |       |       |     1 ||     1
  Use: Scroll            |     3 |     1 |    14 |     4 |    15 ||    37
       Potion            |       |     1 |     4 |     5 |     6 ||    16
 Stab: Held in net/web   |       |       |       |     2 |       ||     2
Armor: Scale mail        |    11 |    41 |    59 |   136 |     6 ||   253
       Chain mail        |    12 |    34 |       |       |   367 ||   413
Dodge: Dodged            |    20 |    77 |   150 |   260 |   405 ||   912
Block: Buckler           |    11 |    30 |    37 |       |       ||    78
       Kite shield       |       |       |    12 |   230 |   520 ||   762
